Map: Cerulean Fall LE

Players

Diglett - Winner!

  • Race: Protoss Protoss
  • League: Master
  • Spawn Location: 7:00

PadaMave

  • Race: Zerg Zerg
  • League: Master
  • Spawn Location: 1:00

VOD

Have the link to the VOD?

Description

Time

  • Played on: Nov. 29, 2018, 3:44 p.m.
  • Length: 20:06
Show
View Real Time Build Order
Export as new Build Order

Diglett Protoss - Winner!

Build Orders: 1 Gate Expand, Oracle Opening, Phoenix Opening, Archon Immortal, Archon Drop 

Get SALT Encoding   

  12  0:00  Probe  
  13  0:13  Probe  
  14  0:20  Pylon  
  14  0:26  Probe  
  15  0:37  Probe  
  15  0:41  Gateway  
  16  0:45  Probe  
  17  0:51  Assimilator  
  17  0:54  Probe  
  18  1:06  Probe  
  19  1:18  Probe  
  20  1:34  Nexus  
  20  1:39  Cybernetics Core  
  20  1:46  Probe  
  21  1:49  Assimilator  
  21  1:58  Probe  
  21  1:59  Pylon  
  22  2:10  Probe  
  22  2:12  Adept  
  25  2:23  Stargate  
  25  2:27  Probe  
  26  2:31  Warp Gate  
  26  2:32  Adept  
  25  2:39  Probe  
  28  2:48  Probe  
  28  2:49  Probe  
  29  2:56  Probe  
  30  2:59  Zealot  
  30  3:01  Probe  
  34  3:07  Probe  
  35  3:13  Probe  
  35  3:15  Probe  
  37  3:22  Phoenix  
  37  3:24  Assimilator  
  37  3:25  Probe  
  37  3:26  Assimilator  
  40  3:32  Probe  
  40  3:37  Probe  
  42  3:41  Oracle  
  42  3:46  Probe  
  43  3:50  Robotics Facility  
  46  3:57  Pylon  
  46  4:01  Pylon  
  46  4:13  Twilight Council  
  46  4:15  Probe x2  
  46  4:19  Shield Battery  
  46  4:22  Pylon  
  44  4:27  Probe  
  45  4:33  Probe  
  45  4:35  Gateway x2  
  49  4:43  Gateway  
  49  4:44  Probe  
  47  4:47  Protoss Air Armor Level 1  
  47  4:49  Warp Prism  
  47  4:58  Probe x2  
  51  5:03  Charge  
  51  5:09  Templar Archives  
  51  5:10  Probe  
  51  5:13  Pylon  
  52  5:19  Probe  
  53  5:25  Gateway  
  53  5:26  Gateway  
  53  5:32  Adept  
  53  5:34  Adept  
  57  5:43  Probe x2  
  59  5:53  Nexus  
  59  5:55  Pylon  
  59  5:57  Observer  
  59  5:58  High Templar x2  
  59  5:59  High Templar  
  59  6:02  High Templar  
  68  6:04  Archon  
  68  6:06  Archon  
  68  6:07  Probe x2  
  70  6:19  Probe  
  70  6:20  Robotics Facility  
  70  6:24  Forge  
  71  6:26  Probe  
  71  6:30  Pylon  
  72  6:52  Probe x2  
  74  6:55  Pylon  
  74  6:57  Pylon  
  74  7:00  Zealot x6  
  86  7:09  Gateway  
  86  7:12  Gateway  
  86  7:26  Psionic Storm  
  86  7:31  Protoss Ground Weapons Level 1  
  86  7:35  Probe  
  87  7:38  High Templar x3  
  87  7:39  Zealot x2, High Templar  
  87  7:40  Immortal  
  99  7:47  Probe x2  
  99  7:48  Probe  
  99  7:49  Immortal  
  110  7:52  Pylon  
  110  7:53  Pylon  
  110  7:59  Probe x2  
  112  8:07  Probe  
  112  8:11  Photon Cannon, Probe  
  112  8:12  Gateway, Photon Cannon  
  114  8:16  High Templar x2  
  114  8:17  Pylon, Zealot  
  114  8:19  Pylon  
  120  8:25  Probe x2  
  122  8:30  Probe  
  123  8:35  Immortal x2  
  123  8:37  Probe  
  123  8:39  Pylon  
  123  8:40  Pylon  
  132  8:50  Assimilator, Probe  
  132  8:52  Assimilator  
  133  8:59  High Templar x2  
  133  9:01  Zealot  
  133  9:02  Zealot x2  
  143  9:07  Pylon  
  143  9:09  Pylon  
  143  9:17  Warp Prism  
  143  9:19  Protoss Ground Armor Level 1, Immortal  
  149  9:26  High Templar  
  149  9:27  Zealot x4  
  159  9:38  Probe x2  
  161  9:43  Pylon  
  161  9:52  Zealot x7  
  169  9:53  Zealot  
  169  9:54  Observer  
  169  9:58  Observer  
  145  10:22  Zealot x7  
  145  10:23  Zealot  
  154  10:33  Zealot  
  94  10:45  High Templar x3  
  94  10:46  Zealot x3, High Templar x2  
  94  10:49  Protoss Ground Weapons Level 2, Immortal x2  
  112  11:00  Pylon x2  
  112  11:07  Nexus  
  112  11:09  Pylon  
  112  11:10  Pylon  
  112  11:14  High Templar x2  
  112  11:16  High Templar  
  118  11:19  Archon  
  118  11:25  Probe x2  
  118  11:28  High Templar x2  
  118  11:29  Zealot x4  
  118  11:32  Archon  
  130  11:34  Immortal  
  134  11:52  Immortal  
  138  11:58  Zealot x4  
  138  11:59  Zealot x3  
  151  12:13  Immortal  
  139  12:27  Stalker  
  141  12:31  Immortal  
  145  12:40  Assimilator  
  145  12:42  Stargate  
  145  12:44  Assimilator  
  145  12:45  Pylon  
  145  12:46  Pylon  
  145  12:49  High Templar x3  
  145  12:50  Forge  
  151  12:52  Immortal  
  151  12:55  Gateway  
  151  12:57  Pylon  
  155  13:02  Photon Cannon  
  155  13:03  Probe  
  155  13:05  Shield Battery, Photon Cannon  
  156  13:11  Observer  
  157  13:18  Protoss Ground Armor Level 2  
  157  13:23  Probe  
  157  13:24  Probe x2  
  160  13:28  Fleet Beacon  
  160  13:32  Observer  
  140  13:48  Stalker  
  140  13:49  Stalker x6  
  137  14:08  Probe  
  123  14:13  Stargate  
  123  14:14  Stargate, Immortal x2  
  131  14:23  High Templar x3  
  137  14:33  Gateway x2  
  137  14:37  Tempest x2, Gateway  
  147  14:39  Pylon  
  147  14:43  Pylon  
  143  14:53  Observer  
  143  14:58  Zealot x4  
  143  14:59  Zealot x2  
  150  15:20  Tempest x2  
  159  15:37  Nexus  
  159  15:40  Pylon  
  159  15:42  Pylon  
  159  15:43  Pylon  
  159  15:45  Pylon  
  159  15:49  Photon Cannon  
  159  15:50  Photon Cannon  
  159  15:54  Tempest  
  159  15:55  Tempest  
  169  15:59  Photon Cannon  
  169  16:01  Photon Cannon  
  165  16:04  Protoss Air Weapons Level 1  
  165  16:08  Tempest x2  
  175  16:16  Protoss Ground Weapons Level 3  
  175  16:24  Forge  
  175  16:39  Assimilator  
  172  16:43  Probe x3  
  172  16:44  Assimilator  
  164  16:52  Shield Battery, Photon Cannon  
  164  16:54  Photon Cannon  
  164  16:55  Photon Cannon  
  164  16:57  Shield Battery  
  164  17:12  Tempest x2  
  165  17:38  High Templar x2  
  165  17:39  High Templar x3  
  163  17:55  Zealot x8  
  169  18:06  Tempest x2  
  148  18:28  Tempest x2  
  148  18:31  Zealot x2  
  148  18:33  Zealot  
  162  18:38  Probe x2  
  164  18:50  Tempest  
  144  19:27  Archon x2  
  142  19:31  Zealot x5  
  142  19:32  Zealot x2, High Templar x5  
  142  19:33  Zealot  
  143  19:52  Zealot x2  
  145  19:53  Zealot x4  
Show
View Real Time Build Order
Export as new Build Order

PadaMave Zerg 

Build Orders: Hatch First, Lurkers 

Get SALT Encoding   

  12  0:01  Drone  
  13  0:12  Overlord  
  13  0:18  Drone  
  14  0:31  Drone x2  
  16  0:49  Hatchery  
  15  0:52  Drone  
  15  0:55  Drone  
  17  1:00  Drone  
  18  1:09  Extractor  
  17  1:15  Spawning Pool  
  17  1:17  Drone  
  17  1:21  Drone  
  18  1:29  Drone  
  19  1:39  Overlord  
  19  1:49  Drone  
  20  2:02  Queen x2  
  20  2:03  Zergling x4  
  26  2:10  Metabolic Boost  
  26  2:11  Drone  
  26  2:14  Drone  
  28  2:22  Drone x2  
  30  2:39  Hatchery  
  30  2:43  Queen  
  31  2:48  Overlord  
  31  2:51  Drone  
  31  2:53  Drone  
  31  2:56  Drone  
  31  2:58  Drone  
  35  3:02  Evolution Chamber  
  35  3:05  Drone  
  35  3:10  Drone x2  
  37  3:15  Drone x2  
  39  3:25  Zergling x4  
  39  3:26  Zergling x2  
  42  3:33  Zergling x2  
  42  3:34  Zergling x2  
  44  3:35  Zerg Melee Weapons Level 1  
  44  3:47  Overlord x2  
  44  3:51  Queen  
  44  3:53  Drone x4  
  50  4:02  Spore Crawler  
  49  4:03  Spore Crawler  
  49  4:06  Drone x2  
  49  4:07  Drone x2  
  49  4:09  Drone  
  53  4:16  Spore Crawler  
  50  4:18  Drone x2  
  50  4:19  Lair  
  49  4:33  Extractor  
  49  4:34  Extractor  
  49  4:35  Drone x2, Evolution Chamber  
  49  4:36  Drone x3  
  49  4:37  Drone  
  49  4:38  Baneling Nest, Drone  
  52  4:48  Drone  
  53  4:53  Drone x3  
  53  4:54  Drone, Overlord x2  
  58  5:05  Overlord  
  58  5:06  Overlord x2  
  58  5:20  Hydralisk Den  
  57  5:22  Extractor  
  57  5:23  Drone x2  
  57  5:24  Drone x2  
  60  5:31  Drone x10  
  70  5:37  Zerg Melee Weapons Level 2  
  70  5:39  Centrifical Hooks  
  70  5:53  Muscular Augments  
  70  5:54  Zergling x8  
  70  5:55  Zergling x8  
  78  6:02  Overlord x2  
  78  6:09  Overlord  
  78  6:10  Overlord  
  78  6:11  Pneumatized Carapace  
  77  6:14  Drone x2, Extractor, Hatchery  
  77  6:15  Drone, Extractor  
  77  6:16  Drone x3  
  77  6:17  Drone  
  77  6:18  Drone  
  82  6:19  Drone  
  82  6:24  Baneling x6  
  83  6:30  Drone x2  
  83  6:31  Drone  
  86  6:33  Spine Crawler  
  86  6:34  Spine Crawler  
  74  6:49  Hydralisk  
  74  6:50  Hydralisk x5  
  84  6:54  Queen  
  84  7:00  Hydralisk  
  84  7:01  Hydralisk x2  
  88  7:04  Zergling x8  
  88  7:05  Zergling x2, Grooved Spines  
  97  7:16  Baneling  
  97  7:17  Baneling x2  
  97  7:18  Zergling x14  
  101  7:38  Overlord  
  101  7:39  Overlord  
  101  7:42  Drone  
  101  7:43  Drone  
  101  7:44  Drone x2  
  105  7:45  Drone  
  106  7:51  Hydralisk  
  106  7:52  Lurker Den, Hydralisk x4  
  106  7:56  Hatchery  
  106  7:58  Zerg Missile Weapons Level 1  
  114  8:01  Evolution Chamber  
  114  8:04  Baneling  
  114  8:05  Baneling x11  
  113  8:31  Zerg Ground Armor Level 1  
  113  8:34  Hydralisk  
  113  8:35  Hydralisk x7  
  113  8:37  Zergling x2  
  113  8:38  Zergling x16  
  138  8:46  Infestation Pit  
  137  9:15  Zergling x2  
  137  9:16  Zergling x26  
  151  9:26  Spore Crawler  
  151  9:28  Spine Crawler  
  151  9:29  Spine Crawler  
  151  9:30  Spine Crawler  
  147  9:34  Drone x3  
  147  9:35  Drone x2  
  147  9:36  Overlord x4  
  152  9:38  Hive  
  152  9:44  Baneling  
  152  9:45  Baneling x8  
  152  9:48  Overseer  
  152  10:06  Baneling  
  144  10:07  Baneling x19  
  144  10:08  Baneling x3  
  144  10:09  Zergling x2  
  144  10:10  Zergling x28  
  159  10:20  Zergling x8  
  159  10:21  Zergling x6  
  151  10:34  Hydralisk  
  151  10:35  Hydralisk x4  
  113  10:48  Drone x8  
  121  10:57  Zerg Missile Weapons Level 2  
  121  10:59  Adaptive Talons, Zerg Melee Weapons Level 3  
  121  11:07  Spine Crawler x2  
  121  11:08  Baneling x13  
  121  11:09  Baneling x5  
  119  11:14  Queen  
  119  11:18  Spine Crawler x2  
  120  11:19  Drone x4  
  120  11:20  Drone x3  
  120  11:21  Spine Crawler  
  120  11:23  Spine Crawler  
  124  11:38  Hatchery  
  123  11:43  Spire  
  122  11:48  Extractor  
  122  11:49  Extractor  
  122  11:50  Lurker  
  122  11:51  Lurker x6  
  127  11:57  Zergling x2  
  127  11:58  Zergling x28  
  142  12:01  Baneling  
  142  12:02  Baneling x3  
  139  12:26  Hatchery  
  137  12:48  Extractor  
  137  12:50  Extractor  
  135  12:53  Lurker x2  
  135  12:54  Lurker x3  
  135  12:55  Hydralisk x10  
  135  12:58  Zergling x18  
  161  13:05  Drone x3  
  172  13:06  Drone x3  
  175  13:16  Baneling x8  
  175  13:18  Zergling x8  
  175  13:19  Zergling x2  
  180  13:23  Greater Spire  
  158  13:53  Corruptor  
  158  13:54  Corruptor x6  
  137  14:15  Baneling x10  
  137  14:16  Baneling x6  
  137  14:18  Zergling x2  
  137  14:19  Zergling x16  
  146  14:52  Brood Lord x7  
  152  15:18  Baneling x10  
  148  15:25  Zerg Ground Armor Level 2, Zerg Missile Weapons Level 3  
  148  15:33  Lurker x6  
  148  15:34  Lurker  
  155  15:38  Corruptor  
  155  15:39  Corruptor  
  159  15:43  Corruptor  
  161  15:53  Drone x11  
  172  15:58  Spine Crawler x2  
  170  16:04  Spine Crawler  
  170  16:06  Spore Crawler  
  170  16:09  Drone x3  
  170  16:10  Drone  
  170  16:11  Spine Crawler, Drone x2  
  173  16:15  Brood Lord  
  175  16:19  Brood Lord  
  175  16:22  Brood Lord  
  179  16:25  Baneling  
  179  16:26  Baneling x5  
  179  16:27  Baneling x2  
  170  17:01  Hydralisk x6  
  170  17:06  Overlord x3  
  182  17:10  Ultralisk Cavern  
  181  17:18  Hatchery  
  181  17:22  Hydralisk x9  
  185  17:35  Hydralisk  
  185  17:36  Hydralisk x6  
  189  17:44  Zergling x18  
  151  17:56  Corruptor x3  
  135  18:15  Corruptor  
  136  18:22  Hydralisk x8  
  136  18:29  Chitinous Plating  
  136  18:34  Corruptor x5  
  136  18:37  Corruptor  
  144  18:59  Zergling x2  
  144  19:00  Zergling x26  
  113  19:34  Corruptor x2  
  113  19:35  Corruptor x2  
  99  19:55  Hatchery  
Tags
 
Add a new tag
Caveats
  • Supply blocks, unpowered buildings, or Contaminate may cause inaccurate times.
  • Supply counts are checked every 10 seconds.